 Dungeon Crawl Stone Soup version 0.22-a0-469-gf26638a (webtiles) character file.

18 Fortress the Vexing (level 2, -2/27 HPs)
             Began as an Ogre Arcane Marksman on June 13, 2018.
             Slain by a gnoll
             ... wielding a +0 spear
              (10 damage)
             ... on level 1 of the Dungeon.
             The game lasted 00:04:10 (575 turns).

Fortress the Vexing (Ogre Arcane Marksman)           Turns: 575, Time: 00:04:11

Health: -2/27      AC:  3    Str: 13    XL:     2   Next: 66%
Magic:  3/3        EV: 10    Int: 14    God:
Gold:   7          SH:  0    Dex:  9    Spells: 2/3 levels left

rFire    . . .     SeeInvis .   b - +0 short sword
rCold    . . .     Gourm    .   (no shield)
rNeg     . . .     Faith    .   a - +0 robe
rPois    .         Spirit   .   (helmet restricted)
rElec    .         Reflect  .   (no cloak)
rCorr    .         Harm     .   (gloves unavailable)
MR       .....                  (boots unavailable)
Stlth    +.........             (no amulet)
HPRegen  0.09/turn              (no ring)
MPRegen  0.08/turn              (no ring)

@: no status effects
A: large, unfitting armour, tough skin 1
a: no special abilities


You were on level 1 of the Dungeon.
You were not hungry.

You visited 1 branch of the dungeon, and saw 1 of its levels.

You collected 7 gold pieces.

Inventory:

Hand Weapons
 b - a +0 short sword (weapon)
Armour
 a - a +0 robe (worn)
Potions
 e - a potion of resistance {unknown}
 g - a potion of degeneration {unknown}
Comestibles
 f - a ration


   Skills:
 + Level 1.3 Fighting
 + Level 2.3 Throwing
 + Level 1.8 Dodging
 + Level 0.1 Unarmed Combat
 + Level 1.2 Spellcasting
 + Level 3.2 Hexes


You had 2 spell levels left.
You knew the following spells:

 Your Spells              Type           Power        Failure   Level  Hunger
a - Corona                Hex            #......      7%          1    ##.....

Your spell library contained the following spells:

 Spells                   Type           Power        Failure   Level  Hunger
 Cause Fear               Hex            #.........   56%         4    #####..
 Slow                     Hex            #.......     11%         2    ###....
 Portal Projectile        Hex/Tloc       #.....       36%         3    ####...
 Leda's Liquefaction      Hex/Erth       #.........   78%         4    #####..
 Inner Flame              Hex/Fire       #.......     36%         3    ####...


Dungeon Overview and Level Annotations

Branches:
Dungeon (1/15)

Altars:


Innate Abilities, Weirdness & Mutations

You are too large for most types of armour.
You have tough skin. (AC +1)


Message History

The giant cockroach is almost dead.
The giant cockroach bites you but does no damage.
The gnoll hits you from afar with a spear.
The giant cockroach barely misses you.
The gnoll hits you from afar with a spear.
The giant cockroach closely misses you.
Things that are here:
a large rock; a frilled lizard skeleton The giant cockroach bites you but does no damage.
The gnoll hits you from afar with a spear.
You barely miss the giant cockroach.
The giant cockroach is severely wounded.
The giant cockroach bites you but does no damage.
The gnoll hits you from afar with a spear!
* * * LOW HITPOINT WARNING * * *
You hit the giant cockroach but do no damage.
The giant cockroach is severely wounded.
The giant cockroach barely misses you.
The gnoll hits you from afar with a spear!
You die...

#... #... #... #...
. #...### ### ###
...#...g. ..###..(.
.......s####.#(.....
.......@(...÷)......
...#.........#.###.
#.........#
#.........#####
...............+
#########....#####
#.......#....#
#.......##'#.###
#....÷.........#
####


You could see a gnoll and a giant cockroach.

Vanquished Creatures
  A dart slug (D:1)
  A leopard gecko (D:1)
  A giant cockroach (D:1)
  4 jackals (D:1)
  3 bats (D:1)
  A frilled lizard (D:1)
  3 kobolds (D:1)
  A rat (D:1)
15 creatures vanquished.

Notes
Turn   | Place    | Note
-------+----------+-------------------------------------------
     0 | D:1      | Fortress the Ogre Arcane Marksman began the quest for the Orb.
     0 | D:1      | Reached XP level 1. HP: 19/19 MP: 2/2
    29 | D:1      | Reached skill level 3 in Hexes
   256 | D:1      | Reached XP level 2. HP: 27/27 MP: 3/3
   575 | D:1      | Slain by a gnoll

Vault maps used:
D:1:      tarquinn_simple_flora_water_d, st_stairs_3, palyth_stone_intersect

Skill      XL: |  1 |
---------------+----+-----
Hexes          | 3 |  3.2
Fighting       | |  1.3
Throwing       | |  2.3
Dodging        | |  1.8
Unarmed Combat | |  0.1
Spellcasting   | |  1.2

Action                   || total
-------------------------++-------
Melee: Unarmed           ||    17
       Short sword       ||    40
Throw: Large rock        ||     8
       Throwing net      ||     2
Armor: Robe              ||    35
Dodge: Dodged            ||    50

Table legend:
 A = Spawn XP
 B = Non-spawn XP
 C = Spawn XP percentage of total XP
 D = Spawn monster count
 E = Non-spawn monster count
 F = Spawn count percentage of total count
 G = Total turns spent on level
                    A         B        C        D         E        F      G
               +---------+---------+-------+---------+---------+-------+---------
         Total |       0 |      26 |   0.0 |       0 |      15 |   0.0 |   575
               +---------+---------+-------+---------+---------+-------+---------
           D:1 |       0 |      26 |   0.0 |       0 |      15 |   0.0 |   575
               +---------+---------+-------+---------+---------+-------+---------
